 Dungeon Crawl Stone Soup version 0.31-a0-1074-g0b22e4e0f1 (webtiles) character file.

Game seed: 7924189526730658216

6274 Sanktem7 the Cleaver (level 10, -5/90 HPs)
             Began as a Minotaur Fighter on Nov 30, 2023.
             Was a High Priest of Okawaru.
             Slain by a yak (11 damage)
             ... on level 10 of the Dungeon.
             The game lasted 00:10:58 (7388 turns).

Sanktem7 the Cleaver (Minotaur Fighter)             Turns: 7388, Time: 00:10:59

Health: -5/90      AC: 16    Str: 26    XL:     10   Next: 63%
Magic:  9/9        EV:  7    Int:  5    God:    Okawaru [*****.]
Gold:   142        SH:  5    Dex:  9    Spells: 9/9 levels left

rFire   + . .        b - +7 war axe "Akasat" {freeze, rPois, axe}
rCold   + + +        c - +0 buckler
rNeg    . . .        D - +0 plate armour
rPois   +            (helmet restricted)
rElec   +            J - +0 cloak of the Echidna {rC++}
rCorr   +            m - +0 pair of gloves
SInv    .            (no boots)
Will    +....        (no amulet) Stlth
                     n - ring of poison resistance
HPRegen 0.35/turn    H - ring of willpower
MPRegen 0.11/turn

%: no passive effects
@: resistant, studying Conjurations
A: horns 2, retaliatory headbutt
a: Renounce Religion, Heroism, Finesse, Duel


You were on level 10 of the Dungeon.
You worshipped Okawaru.
Okawaru was extremely pleased with you.
You visited 2 branches of the dungeon, and saw 11 of its levels.
You also visited: Ossuary.

You collected 408 gold pieces.
You spent 266 gold pieces at shops.


Innate Abilities, Weirdness & Mutations

You have a pair of horns on your head.
You reflexively headbutt those who attack you in melee.


   Skills:
 + Level 8.9 Fighting
 * Level 11.6 Axes
 + Level 6.2 Throwing
 + Level 8.6 Armour
 + Level 8.6 Shields


You had 9 spell levels left.
You didn't know any spells.
Your spell library contained the following spells:

 Spells                   Type           Power      Damage    Failure   Level
 Apportation              Tloc           0%         N/A       99%         1
 Magic Dart               Conj           0%         1d3       99%         1
 Ensorcelled Hibernation  Hex/Ice        0%         N/A       100%        2
 Jinxbite                 Hex            0%         N/A       100%        2
 Passwall                 Tmut/Erth      0%         N/A       100%        2
 Searing Ray              Conj           0%         2d4       100%        2
 Ignite Poison            Fire/Tmut/Pois 0%         N/A       100%        3
 Swiftness                Air            0%         N/A       100%        3
 Anguish                  Hex/Necr       0%         N/A       100%        4
 Cause Fear               Hex            0%         N/A       100%        4
 Fulminant Prism          Conj/Hex       0%         3d5       100%        4
 Sticky Flame             Conj/Fire      0%         2d3       100%        4
 Alistair's Intoxication  Tmut/Pois      0%         N/A       100%        5
 Enfeeble                 Hex            0%         N/A       100%        7
 Ignition                 Fire           0%         3d3       100%        8
 Chain Lightning          Conj/Air       0%         N/A       100%        9
 Fire Storm               Conj/Fire      0%         5d1       100%        9
 Shatter                  Erth           0%         3d5*      100%        9

Inventory:

Hand Weapons
 b - the +7 war axe "Akasat" (weapon) {freeze, rPois, axe}
   (You found it on level 3 of the Dungeon)

   rPois:     It protects you from poison
 e - a +3 heavy dagger {short}
   (You found it on level 1 of the Dungeon)
 o - the +3 hand axe of Gehenna {elec, Int+4, axe}
   (You found it on level 6 of the Dungeon)

   Int+4:     It affects your intelligence (+4).
Missiles
 j - 86 stones {throwing}
 v - 3 boomerangs {throwing}
 y - 13 poisoned darts {throwing}
 A - 3 curare-tipped darts {=fthrowing}
 F - 5 javelins {throwing}
Armour
 c - a +0 buckler (worn)
 m - a +0 pair of gloves (worn)
   (You found it on level 1 of the Dungeon)
 D - a +0 plate armour (worn)
   (You found it on level 7 of the Dungeon)
 J - the +0 cloak of the Echidna (worn) {rC++}
   (You bought it in a shop on level 8 of the Dungeon)

   rC++:      It greatly protects you from cold.
Jewellery
 n - a ring of poison resistance (left hand)
   (You found it on level 2 of the Dungeon)
 x - an amulet of faith {!P}
   (You found it on level 6 of the Dungeon)
 H - a ring of willpower (right hand)
   (You found it on level 5 of the Dungeon)
 I - a ring of protection from fire
   (You found it on level 6 of the Dungeon)
Wands
 u - a wand of mindburst (17)
   (You found it on level 3 of the Dungeon)
 z - a wand of light (13)
   (You found it on level 3 of the Dungeon)
Scrolls
 f - 6 scrolls of identify {@r1}
 k - 2 scrolls of noise {!r}
 l - 2 scrolls of fear
 q - a scroll of immolation {!r!r}
 r - a scroll of fog
 s - 3 scrolls of vulnerability {!r!r}
 C - a scroll of teleportation {@r4}
 K - 3 scrolls of brand weapon
 L - a scroll of blinking {!r}
Potions
 a - 2 potions of mutation {!q}
 d - 5 potions of might
 g - 5 potions of heal wounds {@q2}
 h - a potion of ambrosia {unknown}
 i - 8 potions of curing {@q1}
 p - 2 potions of magic {unknown}
 w - 4 potions of haste {@q3}
 B - 2 potions of attraction {!q}
 E - a potion of brilliance
 G - 2 potions of enlightenment {unknown}

Dungeon Overview and Level Annotations

Branches:
Dungeon (11/15) Zot: 26918  Temple (1/1) D:4 Zot: 5959 Ossuary (visited)
   Lair: D:8-11         Orc: D:9-12

Altars:
Ashenzari
Cheibriados
Dithmenos
Elyvilon
Fedhas
Gozag
Hepliaklqana
Kikubaaqudgha
Makhleb
Nemelex Xobeh
Okawaru
Qazlal
Ru
Trog
Vehumet
Wu Jian
Xom
Zin
The Shining One

Shops:
D:8

[ ###........#
#........# #.######.# .
#.#....#.# .. #.#....'.#
...######.#....'.#######
..........#....#........
......YY..######........
.....YY@................
##....Y......###########
#######.....# #.....#
#.....# #.>.### #...#
#...# #...


You could see 5 yaks.


Message History

You hit the yak. You freeze the yak. The yak gores you but does no damage.
A yak comes into view.
The yak gores you. x2
Your Throwing skill increases to level 6! 😕 HP[-5]
You take 5 damage, and now have 77/90 hp.
You barely miss the yak. You slash the yak! You freeze the yak.
You slash the yak! You freeze the yak. You hit the yak. You freeze the yak.
The yak gores you. The yak gores you but does no damage.
The yak barely misses you. You furiously retaliate!
You headbutt the yak! 😕 HP[-2]
You take 2 damage, and now have 75/90 hp.
You slash the yak! You freeze the yak.
You kill the yak!
Okawaru accepts your kill.
You barely miss the yak. You hit the yak. You freeze the yak. You hit the yak.
You freeze the yak. You slash the yak! You freeze the yak. The yak gores you.
The yak barely misses you. You furiously retaliate!
You headbutt the yak! The yak gores you. 😮 HP[-8]
You take 8 damage, and now have 67/90 hp.
You are too injured to fight recklessly!
You are too injured to fight recklessly!
You are too injured to fight recklessly!
You are too injured to fight recklessly!
You are too injured to fight recklessly!
You are too injured to fight recklessly!
You are too injured to fight recklessly!
You are too injured to fight recklessly!
Unknown command.
You barely miss the yak. You headbutt the yak! You hit the yak.
You freeze the yak. You slash the yak! You freeze the yak.
You kill the yak!
Okawaru accepts your kill.
You hit the yak. You freeze the yak. The yak gores you but does no damage.
The yak closely misses you. You furiously retaliate!
You headbutt the yak! The yak gores you. 😮 HP[-4]
You take 4 damage, and now have 63/90 hp.
You barely miss the yak. You hit the yak. You freeze the yak.
You kill the yak!
Okawaru accepts your kill.
You barely miss the yak. x2; The yak barely misses you.
You furiously retaliate!
You headbutt the yak. The yak gores you. 😮 HP[-2]
You take 2 damage, and now have 61/90 hp.
You hit the yak. You freeze the yak. You headbutt the yak. You hit the yak.
You freeze the yak. You hit the yak. You freeze the yak. You slash the yak!
You freeze the yak. You hit the yak. You freeze the yak.
The yak gores you but does no damage. The yak gores you!
The yak gores you but does no damage. The yak gores you. The yak gores you!
* * * LOW HITPOINT WARNING * * *
😨 HP[-26]
You take 26 damage, and now have 35/90 hp.
MASSIVE DAMAGE!! (PAUSE)
You hit the yak. You freeze the yak. You slash the yak! You freeze the yak.
You hit the yak. You freeze the yak. You slash the yak! You freeze the yak.
You closely miss the yak. You block the yak's attack. The yak gores you!
* * * LOW HITPOINT WARNING * * *
You block the yak's attack. The yak gores you!
* * * LOW HITPOINT WARNING * * *
The yak gores you.
* * * LOW HITPOINT WARNING * * *
😱 HP[-24]
You take 24 damage, and now have 11/90 hp.
MASSIVE DAMAGE!! (PAUSE)
You feel much better. The yak gores you.
* * * LOW HITPOINT WARNING * * *
The yak gores you.
* * * LOW HITPOINT WARNING * * *
The yak gores you but does no damage. The yak gores you!
* * * LOW HITPOINT WARNING * * *
The yak gores you but does no damage. 😨 HP[+15]
You regained 15 hp, and now have 26/90 hp.
You hit the yak. You freeze the yak. You slash the yak! You freeze the yak.
You barely miss the yak. You slash the yak! You freeze the yak.
You slash the yak! You freeze the yak.
The yak gores you but does no damage. x2
The yak closely misses you. You block the yak's attack. x2
You slice the yak!! You freeze the yak.
You kill the yak!
Okawaru accepts your kill.
You closely miss the yak. You slash the yak! You freeze the yak.
You kill the yak!
Okawaru accepts your kill.
You slash the yak! You freeze the yak.
You kill the yak!
Okawaru accepts your kill.
You closely miss the yak. The yak gores you.
* * * LOW HITPOINT WARNING * * *
The yak gores you!
* * * LOW HITPOINT WARNING * * *
😱 HP[-13]
You take 13 damage, and now have 13/90 hp.
It was a potion of resistance.
You feel protected. The yak gores you!
* * * LOW HITPOINT WARNING * * *
The yak gores you!
You die...

Skill      XL: |  1  2  3  4  5  6  7  8  9 10 |
---------------+-------------------------------+-----
Axes           | 3 4 5 6 7 8 10 11 | 11.6
Fighting       | 4 5 6 7 8 |  8.9
Shields        | 4 5 6 7 8 |  8.6
Armour         | 4 5 6 7 8 |  8.6
Throwing       | 1 2 4 5 6 |  6.2

Action                     |  1- 3 |  4- 6 |  7- 9 | 10-12 || total
---------------------------+-------+-------+-------+-------++-------
  Melee: War axe           |    67 |    84 |   155 |    41 ||   347
         Headbutt          |     6 |    12 |    29 |     9 ||    56
    Use: Scroll            |       |       |    16 |       ||    16
         Potion            |       |       |       |     2 ||     2
 Armour: Scale mail        |    30 |       |       |       ||    30
         Chain mail        |    16 |    60 |    86 |       ||   162
         Plate armour      |       |       |    47 |    64 ||   111
  Dodge: Dodged            |    32 |    25 |    52 |    11 ||   120
  Block: Buckler           |     9 |     7 |    37 |    15 ||    68

Levels and vault maps discovered:
D:1:      sevenhm_arrival_forest_fort_large_2, layout_basic, serial_glass,
          glass_columns_c, glass_columns_a, glass_columns_b, glass_columns_c,
          glass_columns_b, glass_columns_b, glass_columns_a, glass_columns_a,
          item_on_display_a, item_on_display_a, minmay_strange_pillars,
          minivault_26, columned_hall_lemuel
D:2:      layout_loops_ring, chequers_serial_rivers_micro_a
D:3:      layout_loops_ring, gammafunk_temple_overflow_wave, serial_aquarium,
          aquarium_bridge_straight [aquarium_subvault_bridge,
          aquarium_subvault_wall, aquarium_subvault_bridge,
          aquarium_subvault_window], aquarium_window_2, aquarium_window_2,
          aquarium_view_2f, aquarium_view_2b, aquarium_pool_2,
          minmay_randomly_rotated_circles
D:4:      layout_cave_pools, bloody_makhleb,
          mainiacjoe_overflow_surrounded_room, minmay_temple_entry_junction_2
D:5:      layout_loops_ring, nicolae_ossuary_entry_false_entrances,
          nicolae_titane
D:6:      layout_basic, nicolae_overflow_crystal_walls
D:7:      layout_basic, lemuel_round_altar, minmay_manual_mandibuliform
D:8:      layout_basic, serial_shops, nicolae_shop_hallway_plus,
          serial_co_window_serial, co_window_corner_a, co_window_paths_b,
          co_window_paths_a, co_window_corner_a, co_window_paths_b,
          co_window_corner_b, co_window_unsneaky_path_c,
          co_window_unsneaky_path_a, co_window_paths_c, co_window_corner_ca,
          co_window_broadway_c, co_window_broadway_a, co_window_paths_e,
          glass_columns_c, glass_columns_a, glass_columns_b, glass_columns_a,
          glass_columns_b
D:10:     layout_irregular_city, amcnicky_altar_gilded, lair_entry_dummy,
          serial_shops, nicolae_shop_mannequins
D:11:     layout_long_grid, serial_shops, kennysheep_mini,
          nicolae_demonic_statue_gallery
Temple:   nicolae_temple_god_jail

Notes
Turn   | Place    | Note
-------+----------+-------------------------------------------
     0 | D:1      | Sanktem7 the Minotaur Fighter began the quest for the Orb.
     0 | D:1      | Reached XP level 1. HP: 19/19 MP: 0/0
     0 | D:1      | magus.rc [v1.9.6]
   293 | D:1      | Reached XP level 2. HP: 27/27 MP: 1/1
   581 | D:1      | Reached skill level 3 in Axes
   932 | D:2      | magus.rc [v1.9.6]
  1090 | D:2      | Reached skill level 4 in Fighting
  1090 | D:2      | Reached XP level 3. HP: 33/33 MP: 2/2
  1129 | D:2      | Reached skill level 4 in Shields
  1406 | D:2      | You pick up a book of Conjurations {@e2} and begin
                  | reading...
  1406 | D:2      | You add the spells Magic Dart, Searing Ray and Fulminant
                  | Prism to your library.
  1658 | D:3      | Identified the +7 war axe "Akasat" {freeze, rPois}
  1718 | D:3      | Reached skill level 4 in Armour
  1924 | D:3      | Reached XP level 4. HP: 33/40 MP: 3/3
  1961 | D:3      | You pick up a book of Burglary and begin reading...
  1961 | D:3      | You add the spells Passwall, Ensorcelled Hibernation and
                  | Swiftness to your library.
  2226 | D:3      | Found a radiant altar of Vehumet.
  2226 | D:3      | Found a snail-covered altar of Cheibriados.
  2607 | D:4      | Reached skill level 4 in Axes
  2649 | D:4      | Found a staircase to the Ecumenical Temple.
  2668 | Temple   | Entered the Ecumenical Temple
  2690 | Temple   | Became a worshipper of Warmaster Okawaru
  2801 | D:4      | Found a hazy altar of Hepliaklqana.
  2815 | D:4      | magus.rc [v1.9.6]
  2896 | D:4      | Found a burning altar of Makhleb.
  2921 | D:4      | You add the spells Ignite Poison, Sticky Flame and Ignition
                  | to your library.
  3114 | D:5      | Entered Level 5 of the Dungeon
  3121 | D:5      | Found a sand-covered staircase.
  3142 | Ossuary  | Entered an ossuary
  3142 | Ossuary  | Noticed a wraith
  3142 | Ossuary  | Noticed a wraith
  3142 | Ossuary  | Noticed a wraith
  3167 | Ossuary  | Reached XP level 5. HP: 39/47 MP: 4/4
  3301 | Ossuary  | Noticed a wraith
  3307 | Ossuary  | Killed a wraith
  3308 | Ossuary  | Reached skill level 5 in Axes
  3308 | Ossuary  | Reached skill level 1 in Throwing
  3308 | Ossuary  | Reached XP level 6. HP: 23/55 MP: 5/5
  3560 | Ossuary  | Reached * piety under Okawaru
  3687 | D:5      | Reached skill level 5 in Fighting
  3687 | D:5      | Reached skill level 5 in Shields
  3691 | D:5      | Reached skill level 5 in Armour
  3762 | D:5      | You pick up a book of Annihilations and begin reading...
  3762 | D:5      | You add the spells Chain Lightning, Fire Storm and Shatter
                  | to your library.
  3869 | D:5      | Reached skill level 6 in Axes
  3869 | D:5      | Reached skill level 2 in Throwing
  3869 | D:5      | Reached XP level 7. HP: 31/61 MP: 6/6
  4131 | D:5      | Reached ** piety under Okawaru
  4258 | D:5      | Reached skill level 7 in Axes
  4543 | D:6      | Reached skill level 6 in Fighting
  4543 | D:6      | Reached XP level 8. HP: 52/70 MP: 7/7
  4550 | D:6      | Reached skill level 3 in Throwing
  4719 | D:6      | Identified the +3 hand axe of Gehenna {elec, Int+4}
  4725 | D:6      | Reached skill level 6 in Armour
  4725 | D:6      | Reached skill level 6 in Shields
  4766 | D:6      | You pick up a book of Party Tricks and begin reading...
  4766 | D:6      | You add the spells Apportation, Jinxbite and Alistair's
                  | Intoxication to your library.
  4970 | D:6      | You pick up a book of Hexes and begin reading...
  4970 | D:6      | You add the spells Anguish, Cause Fear and Enfeeble to your
                  | library.
  5036 | D:6      | Reached *** piety under Okawaru
  5040 | D:6      | Reached skill level 8 in Axes
  5268 | D:6      | Found a white marble altar of Elyvilon.
  5441 | D:6      | Reached skill level 4 in Throwing
  5678 | D:7      | Reached skill level 7 in Fighting
  5678 | D:7      | Reached XP level 9. HP: 60/79 MP: 8/8
  5682 | D:7      | Reached skill level 9 in Axes
  5685 | D:7      | Reached skill level 7 in Armour
  5685 | D:7      | Reached skill level 7 in Shields
  5690 | D:7      | HP: 16/79 [wyvern (10)]
  5691 | D:7      | Reached **** piety under Okawaru
  6277 | D:7      | Found an ancient bone altar of Kikubaaqudgha.
  6425 | D:7      | Reached skill level 5 in Throwing
  6525 | D:7      | Noticed a kobold demonologist
  6530 | D:7      | Noticed a hellwing
  6533 | D:7      | Killed a kobold demonologist
  6534 | D:7      | Reached skill level 10 in Axes
  6641 | D:7      | Noticed a troll
  6650 | D:7      | Killed a troll
  6651 | D:7      | Reached skill level 8 in Fighting
  6935 | D:8      | Reached ***** piety under Okawaru
  6939 | D:8      | Reached XP level 10. HP: 80/88 MP: 9/9
  7033 | D:8      | Found Vomeotod's Antique Armour Emporium.
  7087 | D:8      | Bought an ichor-stained cloak for 266 gold pieces
  7087 | D:8      | Identified the +0 cloak of the Echidna {rC++} (You bought
                  | it in a shop on level 8 of the Dungeon)
  7122 | D:8      | Reached skill level 8 in Armour
  7123 | D:8      | Reached skill level 8 in Shields
  7185 | D:8      | You fall into a shaft and drop 3 floors!
  7218 | D:11     | Noticed a gargoyle
  7224 | D:11     | Killed a gargoyle
  7307 | D:10     | Entered Level 10 of the Dungeon
  7373 | D:10     | Reached skill level 11 in Axes
  7379 | D:10     | Reached skill level 6 in Throwing
  7384 | D:10     | HP: 13/90 [yak (13)]
  7388 | D:10     | HP: 6/90 [yak (8)]
  7388 | D:10     | Slain by a yak

Vanquished Creatures
  A gargoyle (D:11)
  A kobold demonologist (D:7)
  2 trolls
  4 wyverns
  2 wraiths
  9 yaks (D:10)
  4 water moccasins
  3 sky beasts (D:7)
  An orc warrior (D:7)
  3 black bears
  2 ogres
  2 centaurs (D:7)
  A kobold brigand (D:7)
  2 bullfrogs
  4 scorpions
  11 wights
  A howler monkey (D:6)
  A hound (D:5)
  A jelly (D:5)
  4 orc priests
  2 human zombies (Ossuary)
  4 iguanas
  7 orc wizards
  3 mummies (Ossuary)
  4 adders
  A shadow imp (D:6)
  3 white imps
  2 worms
  A dart slug (D:2)
  18 orcs
  6 endoplasms
  2 giant cockroaches
  5 goblins
  3 hobgoblins
  2 jackals (D:1)
  3 quokkas
  8 ball pythons
  4 bats
  3 frilled lizards
  A goblin zombie (Ossuary)
  4 hobgoblin zombies (Ossuary)
  11 kobolds
  3 kobold zombies (Ossuary)
  5 rats
164 creatures vanquished.

Table legend:
 A = Non-vault XP
 B = Vault XP
 C = Vault XP percentage of total XP
 D = Non-vault monster count
 E = Vault monster count
 F = Vault count percentage of total count
                 A         B        C        D         E       F
            +---------+---------+-------+---------+---------+-------
      Total |    7635 |    1328 |  14.8 |     138 |      26 |  15.9
            +---------+---------+-------+---------+---------+-------
        D:1 |      21 |       0 |   0.0 |      15 |       0 |   0.0
        D:2 |      23 |       0 |   0.0 |      10 |       0 |   0.0
        D:3 |      39 |      22 |  36.1 |      16 |       6 |  27.3
        D:4 |      23 |       0 |   0.0 |       6 |       0 |   0.0
        D:5 |     913 |       0 |   0.0 |      22 |       0 |   0.0
        D:6 |    1192 |       0 |   0.0 |      23 |       0 |   0.0
        D:7 |    1636 |     952 |  36.8 |      21 |       6 |  22.2
        D:8 |    1016 |       0 |   0.0 |      13 |       0 |   0.0
       D:10 |    2330 |       0 |   0.0 |      11 |       0 |   0.0
       D:11 |     442 |       0 |   0.0 |       1 |       0 |   0.0
    Ossuary |       0 |     354 | 100.0 |       0 |      14 | 100.0
            +---------+---------+-------+---------+---------+-------

Skill      XL: |  1  2  3  4  5  6  7  8  9 10 |
---------------+-------------------------------+-----
Axes           | 3 4 5 6 7 8 10 11 | 11.6
Fighting       | 4 5 6 7 8 |  8.9
Shields        | 4 5 6 7 8 |  8.6
Armour         | 4 5 6 7 8 |  8.6
Throwing       | 1 2 4 5 6 |  6.2

Action                     |  1- 3 |  4- 6 |  7- 9 | 10-12 || total
---------------------------+-------+-------+-------+-------++-------
  Melee: War axe           |    67 |    84 |   155 |    41 ||   347
         Headbutt          |     6 |    12 |    29 |     9 ||    56
    Use: Scroll            |       |       |    16 |       ||    16
         Potion            |       |       |       |     2 ||     2
 Armour: Scale mail        |    30 |       |       |       ||    30
         Chain mail        |    16 |    60 |    86 |       ||   162
         Plate armour      |       |       |    47 |    64 ||   111
  Dodge: Dodged            |    32 |    25 |    52 |    11 ||   120
  Block: Buckler           |     9 |     7 |    37 |    15 ||    68

Illustrated notes

Table legend:
 A = Kills in this place as a percentage of kills in the entire game.
 B = Kills by you in this place as a percentage of kills by you in the entire game.
 C = Kills by friends in this place as a percentage of kills by friends in the entire game.
 D = Other kills in this place as a percentage of other kills in the entire game.
 E = Experience gained in this place as a percentage of experience gained in the entire game.
 F = Experience gained in this place divided by the number of levels of this place that you have seen.
                   A       B       C       D       E      F
               +-------+-------+-------+-------+-------+----------------------
         Total | 100.0 | 100.0 |   N/A |   N/A | 100.0 | 746.9
       Dungeon |  91.5 |  91.5 |   N/A |   N/A |  96.1 | 860.9
       Ossuary |   8.5 |   8.5 |   N/A |   N/A |   3.9 | 354.0
               +-------+-------+-------+-------+-------+----------------------

Table legend: (Time is in decaauts)
 A = Elapsed time spent in this place.
 B = Non-inter-level travel time spent in this place.
 C = Inter-level travel time spent in this place.
 D = Time resting spent in this place.
 E = Time spent auto-exploring this place.
 F = Levels seen in this place.
 G = Mean time per level.
                   A        B        C        D        E       F      G
               +--------+--------+--------+--------+--------+-----+--------+
         Total |   7462 |   7257 |    205 |      0 |   6252 |  12 |  621.8 |
       Dungeon |   6903 |   6698 |    205 |      0 |   5832 |  10 |  690.3 |
        Temple |     40 |     40 |      0 |      0 |      0 |   1 |   40.0 |
       Ossuary |    517 |    517 |      0 |      0 |    420 |   1 |  517.0 |
               +--------+--------+--------+--------+--------+-----+--------+

Top non-repeatable levels by time:
     D:7: 1283 daAuts
     D:6: 1054 daAuts
     D:3: 976 daAuts
     D:5: 898 daAuts
     D:1: 856 daAuts
     D:2: 748 daAuts
     D:4: 522 daAuts
 Ossuary: 517 daAuts
     D:8: 360 daAuts
    D:11: 121 daAuts
    D:10: 80 daAuts
  Temple: 40 daAuts
